 Dungeon Crawl Stone Soup version 0.24-a0-284-g9fb9971df1 (webtiles) character file.

Game seed: 2557905267733653457

276755 MirrMurr the Imperceptible (level 19, -34/109 HPs)
             Began as a Spriggan Enchanter on May 2, 2019.
             Was an Initiate of Gozag.
             Killed from afar by Jory (67 damage)
             ... with a crystal spear
             ... on level 3 of the Vaults on May 4, 2019.
             The game lasted 03:24:18 (52613 turns).

MirrMurr the Imperceptible (Spriggan Enchanter)    Turns: 52613, Time: 03:24:18

Health: -34/109    AC: 11    Str: 17    XL:     19   Next: 59%
Magic:  33/39      EV: 40    Int: 20    God:    Gozag
Gold:   5802       SH: 12    Dex: 23    Spells: 7/49 levels left

rFire    + + .     SeeInvis +   a - +4 dagger (elec)
rCold    . . .     Gourm    .   s - +3 buckler {AC+3}
rNeg     . . .     Faith    .   N - +1 troll leather armour of Mitec {Regen+ Stlth+}
rPois    +         Spirit   .   (helmet restricted)
rElec    +         Reflect  .   R - +2 cloak {MR+}
rCorr    .         Harm     .   (gloves unavailable)
MR       ++++.                  (boots unavailable)
Stlth    +++++++++.             X - amulet of the Four Gods {*Drain rElec rPois rF+ Regen+}
HPRegen  1.08/turn              o - +3 ring of intelligence
MPRegen  0.26/turn              M - ring of Xaahioti {rF+ EV+3 Str+7 Dex+5}

@: shrouded, gold aura, very slightly contaminated, very quick
A: very small, unfitting armour, see invisible, herbivore, speed 3, slow
metabolism 2
}: 2/15 runes: barnacled, gossamer
a: Potion Petition, Call Merchant, Bribe Branch, Renounce Religion


You were on level 3 of the Vaults.
You worshipped Gozag.
Gozag was greatly pleased with you.
You were not hungry.

You visited 7 branches of the dungeon, and saw 35 of its levels.
You visited 1 bazaar.
You also visited: Gauntlet.

You collected 13836 gold pieces.
You spent 5582 gold pieces at shops.
You paid 2452 gold pieces to Gozag.

Inventory:

Hand Weapons
 a - a +4 dagger of electrocution (weapon)
 b - a +2 rapier of venom
 n - a +4 scimitar of flaming
 q - a +0 blowgun
 w - a +0 hunting sling
Missiles
 d - 7 throwing nets {!f}
 f - 1213 stones (quivered)
 t - 8 curare-tipped needles
 x - 88 poisoned needles
 D - 244 sling bullets
Armour
 s - a +3 buckler of protection (worn)
 N - the +1 troll leather armour of Mitec (worn) {Regen+ Stlth+}
   (You bought it in a shop in a bazaar)

   It increases your rate of regeneration.
   It makes you more stealthy.
 R - a +2 cloak of magic resistance (worn)
Jewellery
 e - a +5 ring of strength
 o - a +3 ring of intelligence (left hand)
 K - the ring of Deyhiosk {rElec rN+++ Str+4 Dex+3 Stlth-}
   (You found it on level 3 of the Spider Nest)

   [ring of strength]

   It affects your strength (+4).
   It affects your dexterity (+3).
   It insulates you from electricity.
   It renders you almost immune to negative energy.
   It makes you less stealthy.
 M - the ring of Xaahioti (right hand) {rF+ EV+3 Str+7 Dex+5}
   (You found it on level 3 of the Shoals)

   [ring of evasion]

   It affects your evasion (+3).
   It affects your strength (+7).
   It affects your dexterity (+5).
   It protects you from fire.
 S - the ring "Itzokk" {rC+ SInv}
   (You found it on level 3 of the Spider Nest)

   [ring of see invisible]

   It protects you from cold.
   It lets you see invisible.
 V - an uncursed ring of wizardry
 X - the amulet of the Four Gods (around neck) {*Drain rElec rPois rF+ Regen+}
   (You bought it in a shop on level 2 of the Orcish Mines)

   [amulet of regeneration]

   It protects you from fire.
   It insulates you from electricity.
   It protects you from poison.
   It increases your rate of regeneration.
   It causes draining when unequipped.
Wands
 p - a wand of digging (9)
 y - a wand of clouds (11)
 A - a wand of acid (21)
 B - a wand of paralysis (16)
 I - a wand of iceblast (31)
 Y - a wand of scattershot (13)
Scrolls
 i - 3 scrolls of identify
 l - 2 scrolls of enchant weapon
 r - 17 scrolls of remove curse
 v - 16 scrolls of teleportation
 E - a scroll of magic mapping
 H - 3 scrolls of blinking
 J - 3 scrolls of fog
 P - 4 scrolls of fear
 T - 2 scrolls of vulnerability
 U - 3 scrolls of enchant armour
Potions
 g - 5 potions of ambrosia
 h - a potion of heal wounds
 j - 6 potions of might
 k - 2 potions of berserk rage
 m - 2 potions of brilliance
 u - 2 potions of cancellation
 C - 3 potions of agility
 F - 8 potions of curing
 G - 2 potions of magic
 L - 5 potions of haste
 O - 7 potions of mutation
 Q - 5 potions of flight
Miscellaneous
 z - a lamp of fire
 Z - a phantom mirror
Comestibles
 c - 48 rations


   Skills:
 + Level 15.7 Fighting
 - Level 10.0 Short Blades
 + Level 20.0 Dodging
 + Level 24.3 Stealth
 - Level 7.2 Shields
 + Level 15.9 Spellcasting
 - Level 12.0 Hexes
 * Level 6.2 Summonings
 - Level 4.0 Ice Magic


You had 7 spell levels left.
You knew the following spells:

 Your Spells              Type           Power        Failure   Level  Hunger
a - Ensorcelled Hibernat  Hex/Ice        #####.       1%          2    None
b - Confuse               Hex            ######..     1%          3    None
c - Tukima's Dance        Hex            ######..     1%          3    None
d - Dazzling Spray        Conj/Hex       #####.       1%          3    None
e - Passwall              Tmut/Erth      ###.....     7%          2    None
f - Summon Butterflies    Summ           #####...     1%          1    None
g - Shroud of Golubria    Chrm/Tloc      ###.......   7%          2    None
h - Cause Fear            Hex            ######....   1%          4    None
i - Invisibility          Hex            ######..     4%          6    #####..
v - Summon Mana Viper     Hex/Summ       ######..     3%          5    ###....
w - Spectral Weapon       Hex/Chrm       #####...     1%          3    None
x - Summon Ice Beast      Ice/Summ       #####...     5%          4    None
B - Blink                 Tloc           N/A          7%          2    None
S - Song of Slaying       Chrm           ###.....     7%          2    None

Your spell library contained the following spells:

 Spells                   Type           Power        Failure   Level  Hunger
 Corona                   Hex            ######.      1%          1    None
 Call Canine Familiar     Summ           #####...     1%          3    None
 Inner Flame              Hex/Fire       #####...     1%          3    None
 Recall                   Summ/Tloc      N/A          3%          3    None
 Animate Skeleton         Necr           N/A          4%          1    None
 Beastly Appendage        Tmut           ###...       4%          1    None
 Infusion                 Chrm           ###.         4%          1    None
 Pain                     Necr           ###.         4%          1    None
 Sandblast                Erth           ###...       4%          1    None
 Shock                    Conj/Air       ###.         4%          1    None
 Darkness                 Hex            ######....   4%          6    #####..
 Ozocubu's Armour         Chrm/Ice       ###.....     6%          3    None
 Sticks to Snakes         Tmut           ###.....     7%          2    None
 Swiftness                Chrm/Air       ###.....     7%          2    None
 Throw Flame              Conj/Fire      ###...       7%          2    None
 Aura of Abjuration       Summ           #####.....   10%         5    ###....
 Summon Demon             Summ           #####.....   10%         5    ###....
 Silence                  Hex/Air        #####.....   11%         5    ###....
 Yara's Violent Unravell  Hex/Tmut       #####.....   11%         5    ###....
 Regeneration             Chrm/Necr      ###.......   14%         3    None
 Spider Form              Tmut/Pois      ###.......   14%         3    None
 Stone Arrow              Conj/Erth      ###...       14%         3    None
 Vampiric Draining        Necr           ###.......   14%         3    None
 Ice Form                 Ice/Tmut       ###.....     21%         4    None
 Throw Icicle             Conj/Ice       ###.....     21%         4    None
 Summon Forest            Summ/Tloc      ####......   34%         5    ###....
 Animate Dead             Necr           N/A          43%         4    None
 Iskenderun's Mystic Bla  Conj           ###.....     43%         4    None
 Passage of Golubria      Tloc           N/A          43%         4    None
 Petrify                  Tmut/Erth      ###.....     43%         4    None
 Shadow Creatures         Summ           N/A          47%         6    #####..
 Alistair's Intoxication  Tmut/Pois      ###.....     78%         5    ###....
 Blade Hands              Tmut           ###.......   78%         5    ###....
 Bolt of Magma            Conj/Fire/Erth ###.......   78%         5    ###....
 Borgnjor's Vile Clutch   Necr/Erth      ###.......   78%         5    ###....
 Lee's Rapid Deconstruct  Erth           ###.......   78%         5    ###....
 Summon Hydra             Summ           #####.....   96%         7    ######.
 Simulacrum               Ice/Necr       ###.......   97%         6    #####..
 Freezing Cloud           Conj/Ice/Air   ###.......   99%         6    #####..
 Death Channel            Necr           ###.......   100%        6    #####..
 Deflect Missiles         Chrm/Air       ###.......   100%        6    #####..
 Malign Gateway           Summ/Tloc      ####......   100%        7    ######.
 Discord                  Hex            ######....   91%         8    #######
 Disjunction              Tloc           ###.......   100%        8    #######
 Ignition                 Fire           ###.......   100%        8    #######


Dungeon Overview and Level Annotations

Branches:
Dungeon (15/15)            Temple (1/1) D:6            Lair (6/6) D:10
 Shoals (4/4) Lair:3       Spider (4/4) Lair:3        Slime (0/5) Lair:5
    Orc (2/2) D:11            Elf (0/3) Orc:2        Vaults (3/5) D:14
  Crypt (0/3) Vaults:2     Depths (0/5) D:15

Altars:
Ashenzari
Cheibriados
Dithmenos
Elyvilon
Fedhas
Gozag
Hepliaklqana
Kikubaaqudgha
Makhleb
Nemelex Xobeh
Okawaru
Qazlal
Ru
Sif Muna
Trog
Uskayaw
Vehumet
Wu Jian
Xom
Yredelemnul
Zin
The Shining One

Shops:
D:5 *   D:7 *   D:12 [   D:13 (   Orc:1 ((*   Orc:2 :==:%*?   Shoals:1 *
Vaults:1 !

Annotations:
Lair:5 exclusion: 4 oklob plants
Vaults:2 1 runed translucent door, Azul's ghost, veteran MiFi
Vaults:3 Jory


Innate Abilities, Weirdness & Mutations

You are very small and have problems with some larger weapons.
You are too small for most types of armour.
You have supernaturally acute eyesight. (SInv)
You are a herbivore.
You cover ground extremely quickly.
You need to consume almost no food.


Message History

Jory casts a spell at you. The crystal spear hits you!!!!
Ouch! That really hurt!
* * * LOW HITPOINT WARNING * * *
You hear a shout! x3
Unknown command.
Blink to where?
Press: ? - help, Dir - move target cursor You are very lightly contaminated with residual magic.
As you read the scroll of blinking, it crumbles to dust.
You hear a shout!
Your mana viper misses Jory.
An orc comes into view.
You hear a shout! x2
Your mana viper bites Jory!
Jory's magic leaks into the air.
Jory points at you and mumbles some strange words.
The crystal spear hits you!!!
Ouch! That really hurt!
You die...
Your body crumbles into a pile of gold.

$ #$#...# #o
#. ..(# #.###
## ##.# #.#.#
.# #.#.## .#
#....
#...#####
#.$.S.ยง.#
#.@.V.###
#............
###'#########
..). .%....
#.. .... #..
..... ......


You could see Jory, an orc and a friendly mana viper.

Vanquished Creatures
  Arachne (Spider:3)
  Polyphemus (Shoals:4)
  Kirke (D:11)
  Roxanne (Spider:3)
  A revenant (Vaults:2)
  A frost giant (Shoals:4)
  7 emperor scorpions
  Aizul (Spider:4)
  4 ghost moths
  4 vault wardens
  6 ironheart preservers
  6 entropy weavers
  A deep elf demonologist (Vaults:1)
  A vampire knight (Vaults:2)
  A minotaur (Gauntlet)
  4 spark wasps
  A dire elephant (D:15)
  Snorg (D:12)
  3 merfolk javelineers
  8 merfolk impalers
  A fire dragon (Vaults:3)
  4 ettins
  Josephine (D:11)
  A great orb of eyes (Vaults:1)
  5 ogre magi
  Fannar (D:10)
  A yaktaur captain (Vaults:1)
  7 vault guards
  Erolcha (D:12)
  2 ice dragons (Vaults:2)
  6 merfolk avatars
  9 hydras
  22 two-headed ogres
  A catoblepas (Lair:6)
  2 merfolk aquamancers (Shoals:4)
  2 alligator snapping turtles
  A death knight (D:14)
  7 centaur warriors
  A queen ant (Spider:1)
  10 death yaks
  A satyr (Shoals:3)
  2 tengu warriors (D:15)
  2 deep troll shamans (Vaults:2)
  Nergalle (D:11)
  A deep troll earth mage (Vaults:1)
  A deep elf knight (Vaults:1)
  Urug (Lair:4)
  Sonja (D:11)
  2 fire crabs (shapeshifter) (Vaults:2)
  A fire crab (Lair:6)
  An unseen horror (D:13)
  9 sea snakes
  5 deep trolls
  A deep elf archer (Vaults:1)
  17 harpies
  3 wizards
  8 ironbrand convokers
  14 orb spiders
  5 orc knights
  A phantasmal warrior (D:14)
  A wolf spider zombie (D:14)
  22 wolf spiders
  4 deep elf magi
  30 ugly things
  13 manticores
  4 oklob plants (Lair:2)
  3 cyclopes
  9 fauns
  A salamander (D:15)
  4 orc sorcerers
  12 merfolk sirens
  2 moths of wrath
  2 black mambas
  6 water nymphs
  Joseph (D:8)
  4 vault sentinels
  An ice statue (Shoals:4)
  A minotaur zombie (Gauntlet)
  4 torpor snails
  23 spiny frogs
  A kobold demonologist (D:15)
  4 yaktaurs (D:15)
  11 komodo dragons
  A redback zombie (D:15)
  2 rime drakes (Lair:3)
  3 freezing wraiths
  8 demonic crawlers
  2 efreet (D:14)
  3 trolls
  A queen bee (Spider:3)
  A troll (shapeshifter) (D:14)
  4 tyrant leeches (Lair:6)
  8 hornets
  33 merfolk
  26 jumping spiders
  6 meliai
  4 wind drakes
  26 blink frogs
  10 hippogriffs
  15 snapping turtles
  2 dream sheep (Shoals:1)
  4 slime creatures (Vaults:2)
  A meliai zombie (D:12)
  A shadow (D:13)
  7 wraiths
  A tarantella (shapeshifter) (Vaults:1)
  19 tarantellas
  2 wyverns
  5 basilisks
  4 water elementals
  Eustachio (D:4)
  64 redbacks
  57 yaks
  2 hungry ghosts
  A hog (D:12)
  12 vampire mosquitoes
  Menkaure (D:4)
  A human simulacrum (Vaults:2)
  7 wargs
  26 soldier ants
  An acid dragon (Vaults:2)
  14 water moccasins
  2 sky beasts
  3 ice beasts
  10 porcupines
  31 orc warriors
  A black bear (D:7)
  4 phantoms
  An eye of draining (D:8)
  17 ogres
  A necrophage (D:9)
  34 centaurs
  6 wolves (Lair:2)
  5 crocodiles
  2 big kobolds
  28 bullfrogs
  3 scorpions
  A troll zombie (D:11)
  20 killer bees
  5 wights
  4 howler monkeys
  6 electric eels
  6 crimson imps
  A bullfrog zombie (D:9)
  4 hounds
  2 centaur zombies
  6 jellies
  19 orc priests
  Crazy Yiuf (D:6)
  2 bullfrog skeletons
  19 orc wizards
  Terence (D:2)
  Jessica (D:2)
  6 centaur skeletons
  12 human skeletons (Vaults:2)
  6 iguanas
  Ijyb (D:5)
  20 worker ants
  7 ogre zombies (D:11)
  A hound skeleton (D:6)
  A worker ant zombie (D:11)
  A howler monkey skeleton (D:9)
  8 adders
  10 gnolls
  6 shadow imps
  5 oozes (D:10)
  3 worms
  A dart slug (D:1)
  2 leopard geckos
  78 orcs
  A ball python (D:1)
  7 giant cockroaches
  7 hobgoblins
  12 jackals
  3 quokkas
  6 bats
  6 frilled lizards
  7 goblins
  A goblin skeleton (D:11)
  4 goblin zombies (D:11)
  2 hobgoblin zombies (D:11)
  12 kobolds
  6 orc skeletons (D:11)
  12 orc zombies (D:11)
  A quokka skeleton (D:7)
  11 rats
  A butterfly (Lair:3)
  2 fungi
  A spectral weapon (Shoals:1)
1281 creatures vanquished.

Vanquished Creatures (collateral kills)
  A vault warden (Vaults:1)
  An entropy weaver (Spider:1)
  A deep elf annihilator (Vaults:1)
  A vault guard (Vaults:1)
  A catoblepas (Shoals:4)
  A merfolk aquamancer (Shoals:4)
  3 two-headed ogres (Vaults:1)
  2 death yaks (Shoals:4)
  A vampire mage (Vaults:2)
  A deep elf knight (Vaults:1)
  A sea snake (Shoals:3)
  2 harpies
  An orb spider (Spider:4)
  A deep elf mage (Vaults:1)
  2 wolf spiders
  A merfolk siren (Shoals:4)
  3 demonic crawlers
  2 merfolk (Shoals:4)
  A jumping spider (Spider:3)
  A hornet (Spider:4)
  A redback (Spider:4)
  A wraith (Vaults:1)
  2 water elementals
  An ogre (Vaults:1)
  2 wights (D:9)
  A plant (Shoals:3)
36 creatures vanquished.

Vanquished Creatures (others)
  A merfolk javelineer (Shoals:4)
  An orc knight (Orc:2)
  2 dancing weapons
  4 humans (D:12)
  A jelly (D:12)
  18 fungi
  61 plants
  20 spectral weapons
108 creatures vanquished.

Grand Total: 1425 creatures vanquished

Notes
Turn   | Place    | Note
-------+----------+-------------------------------------------
     0 | D:1      | MirrMurr the Spriggan Enchanter began the quest for the
                  | Orb.
     0 | D:1      | Reached XP level 1. HP: 9/9 MP: 5/5
   486 | D:1      | Reached XP level 2. HP: 13/13 MP: 6/6
   490 | D:1      | Learned a level 2 spell: Ensorcelled Hibernation
   532 | D:1      | Reached skill level 5 in Stealth
  1337 | D:2      | Noticed Terence
  1368 | D:2      | Killed Terence
  1368 | D:2      | Reached XP level 3. HP: 16/16 MP: 0/8
  1374 | D:2      | Learned a level 3 spell: Confuse
  1789 | D:2      | Reached skill level 6 in Stealth
  2061 | D:2      | Reached XP level 4. HP: 21/21 MP: 9/9
  2082 | D:2      | Noticed Jessica
  2088 | D:2      | Killed Jessica
  2194 | D:2      | Found a sparkling altar of Nemelex Xobeh.
  2634 | D:3      | Reached skill level 7 in Stealth
  2634 | D:3      | Reached XP level 5. HP: 23/24 MP: 4/10
  2647 | D:3      | Learned a level 3 spell: Tukima's Dance
  3484 | D:3      | Reached skill level 8 in Stealth
  3496 | D:3      | Reached XP level 6. HP: 28/28 MP: 1/11
  3739 | D:4      | Reached skill level 5 in Short Blades
  4781 | D:4      | Learned a level 3 spell: Dazzling Spray
  4791 | D:4      | Found a glowing golden altar of the Shining One.
  4815 | D:4      | Found a sacrificial altar of Ru.
  4968 | D:4      | Noticed Eustachio
  4989 | D:4      | Killed Eustachio
  4989 | D:4      | Reached skill level 5 in Hexes
  4989 | D:4      | Reached XP level 7. HP: 32/32 MP: 2/13
  5367 | D:5      | Entered Level 5 of the Dungeon
  5367 | D:5      | Noticed Menkaure
  5542 | D:4      | Killed Menkaure
  5710 | D:5      | Found Apagecs's Assorted Antiques.
  5710 | D:5      | Noticed Ijyb
  5719 | D:5      | Killed Ijyb
  5756 | D:5      | Bought a scroll of identify for 52 gold pieces
  5797 | D:6      | Found a staircase to the Ecumenical Temple.
  5804 | Temple   | Entered the Ecumenical Temple
  6065 | Temple   | Became a worshipper of Gozag Ym Sagoz the Greedy
  6823 | D:6      | Found a radiant altar of Vehumet.
  6848 | D:6      | Reached XP level 8. HP: 37/37 MP: 4/15
  6985 | D:6      | Reached skill level 1 in Fighting
  7202 | D:6      | Found a runed translucent door.
  7203 | D:6      | Noticed Crazy Yiuf
  7210 | D:6      | Killed Crazy Yiuf
  7505 | D:7      | Reached skill level 5 in Dodging
  8270 | D:7      | Found Lutipe Focu's Assorted Antiques.
  8401 | D:8      | Noticed Joseph
  8418 | D:8      | Killed Joseph
  8495 | D:8      | Reached XP level 9. HP: 35/44 MP: 13/16
  9114 | D:8      | Reached skill level 9 in Stealth
  9195 | D:8      | Identified a scroll of acquirement
  9245 | D:8      | Reached skill level 10 in Dodging
  9297 | D:8      | Reached skill level 1 in Shields
  9309 | D:8      | Got a translucent bronze ring
  9315 | D:8      | Found an iron altar of Okawaru.
  9714 | D:9      | Found a deep blue altar of Sif Muna.
  9889 | D:9      | Reached skill level 10 in Stealth
 10772 | D:9      | Reached XP level 10. HP: 49/49 MP: 17/17
 11080 | D:10     | Entered Level 10 of the Dungeon
 11238 | D:10     | Noticed a centaur warrior
 11245 | D:10     | Killed a centaur warrior
 11304 | D:10     | Reached skill level 11 in Stealth
 11317 | D:10     | Identified the ring "Beageh" {MP+9 Str-4 Int+4 SInv Stlth+}
                  | (You found it on level 8 of the Dungeon)
 11450 | D:10     | Found a staircase to the Lair.
 11762 | D:10     | Noticed Fannar
 11767 | D:10     | Killed Fannar
 11803 | D:10     | Reached skill level 5 in Shields
 12004 | D:11     | Reached XP level 11. HP: 52/52 MP: 10/18
 12088 | D:11     | Reached skill level 12 in Stealth
 12352 | D:11     | Noticed a four-headed hydra
 12395 | D:11     | Noticed a two-headed ogre
 12402 | D:11     | Killed a two-headed ogre
 12779 | D:11     | Found a staircase to the Orcish Mines.
 13055 | D:11     | Noticed a two-headed ogre
 13114 | D:11     | Killed a two-headed ogre
 13301 | D:11     | Noticed Nergalle
 13308 | D:11     | Killed Nergalle
 13760 | D:11     | Noticed Sonja
 13776 | D:11     | Killed Sonja
 13789 | D:11     | Reached skill level 5 in Spellcasting
 13862 | D:11     | Noticed Josephine
 14217 | D:11     | Killed a four-headed hydra
 14821 | Lair:1   | Entered Level 1 of the Lair of Beasts
 14972 | Lair:1   | Noticed an eight-headed hydra
 14979 | Lair:1   | Killed an eight-headed hydra
 15027 | Lair:1   | Reached XP level 12. HP: 46/58 MP: 14/21
 15275 | Lair:1   | Reached XP level 13. HP: 68/68 MP: 22/22
 15447 | Lair:1   | Reached skill level 13 in Stealth
 17708 | Lair:3   | Found a hole to the Spider Nest.
 17775 | Lair:3   | You fall through a shaft!
 17776 | Lair:4   | Reached skill level 10 in Hexes
 18043 | Lair:3   | Reached skill level 14 in Stealth
 18469 | Lair:3   | Found a staircase to the Shoals.
 18497 | Lair:3   | Reached skill level 10 in Short Blades
 18931 | Lair:4   | Noticed Urug
 18948 | Lair:4   | Killed Urug
 19807 | Lair:4   | Reached skill level 15 in Stealth
 19909 | Lair:4   | Reached skill level 15 in Dodging
 20238 | Lair:5   | Reached XP level 14. HP: 74/74 MP: 25/25
 20289 | Lair:5   | Learned a level 2 spell: Song of Slaying
 20292 | Lair:5   | Learned a level 2 spell: Shroud of Golubria
 20296 | Lair:5   | Learned a level 3 spell: Spectral Weapon
 20352 | Lair:5   | Found a staircase to the Slime Pits.
 20445 | Lair:5   | Found a gate leading to a gauntlet.
 20472 | Gauntlet | Entered a Gauntlet
 20472 | Gauntlet | Found a transporter.
 20472 | Gauntlet | Found a transporter.
 20475 | Gauntlet | Found a transporter.
 20475 | Gauntlet | Found a transporter.
 20487 | Gauntlet | Found a transporter.
 20497 | Gauntlet | Found a transporter.
 20512 | Gauntlet | Found a transporter.
 20527 | Gauntlet | Found a transporter.
 20537 | Gauntlet | Found a transporter.
 20543 | Gauntlet | Found a transporter.
 20557 | Gauntlet | Found a transporter.
 20574 | Gauntlet | Found a transporter.
 20794 | Gauntlet | Identified the Almanac of Torrid Transformation
 20810 | Gauntlet | Identified the Handbook of Harmful Stones
 21263 | Lair:5   | You fall through a shaft!
 21263 | Lair:6   | Entered Level 6 of the Lair of Beasts
 21835 | Lair:5   | Reached skill level 16 in Stealth
 24176 | Lair:6   | Reached skill level 17 in Stealth
 25022 | Lair:6   | Identified the Reference Book on the Traveller
 25027 | Lair:6   | Learned a level 2 spell: Blink
 25619 | Lair:6   | Reached skill level 10 in Fighting
 25619 | Lair:6   | Reached skill level 18 in Stealth
 25737 | Lair:5   | Found a staircase to the Slime Pits.
 26869 | D:12     | Found Nixkuock's Armour Shoppe.
 26873 | D:12     | Noticed Kirke
 26926 | D:11     | Killed Kirke
 26954 | D:12     | Reached skill level 19 in Stealth
 26967 | D:12     | Bought a +1 cloak of magic resistance for 198 gold pieces
 27283 | D:12     | Noticed Snorg
 27302 | D:12     | Noticed Erolcha
 27309 | D:12     | Killed Erolcha
 27405 | D:12     | Killed Snorg
 28057 | D:13     | Found Alonn's Antique Weapon Boutique.
 28158 | D:13     | Reached skill level 20 in Stealth
 28531 | D:14     | Reached XP level 15. HP: 80/80 MP: 25/27
 28653 | D:14     | Learned a level 2 spell: Passwall
 29099 | D:14     | Found a glowing golden altar of the Shining One.
 29810 | D:14     | Found a gate to the Vaults.
 29937 | D:15     | Entered Level 15 of the Dungeon
 29939 | D:15     | Found the +9 staff of Olgreb {rPois}
 30136 | D:15     | Found a flickering gateway to a bazaar.
 30140 | Bazaar   | Entered a bazaar
 30212 | Bazaar   | Found Kapausm's Armour Boutique.
 30216 | Bazaar   | Found Guerhy's Book Boutique.
 30216 | Bazaar   | Found Assidom's Food Boutique.
 30217 | Bazaar   | Found Cuxiret's Weapon Boutique.
 30255 | Bazaar   | Bought a ration for 55 gold pieces
 30255 | Bazaar   | Bought a ration for 55 gold pieces
 30255 | Bazaar   | Bought a ration for 55 gold pieces
 30255 | Bazaar   | Bought a ration for 55 gold pieces
 30255 | Bazaar   | Bought a ration for 55 gold pieces
 30255 | Bazaar   | Bought a ration for 55 gold pieces
 30255 | Bazaar   | Bought a ration for 55 gold pieces
 30255 | Bazaar   | Bought a ration for 55 gold pieces
 30255 | Bazaar   | Bought a ration for 55 gold pieces
 30261 | Bazaar   | Bought a book of Burglary for 1050 gold pieces
 30261 | Bazaar   | Bought a book of Summonings for 980 gold pieces
 30268 | Bazaar   | Learned a level 6 spell: Invisibility
 30276 | Bazaar   | Bought the +1 troll leather armour of Mitec {Regen+ Stlth+}
                  | for 268 gold pieces
 30374 | D:15     | Reached skill level 21 in Stealth
 30592 | D:15     | Reached skill level 10 in Spellcasting
 31092 | D:15     | Learned a level 5 spell: Summon Mana Viper
 31131 | D:15     | Found a staircase to the Depths.
 31782 | D:11     | Killed Josephine
 31864 | Orc:1    | Entered Level 1 of the Orcish Mines
 31870 | Orc:1    | Found Qeumuem's Weapon Boutique.
 31893 | Orc:1    | Found Qocuuvai's Assorted Antiques.
 31912 | Orc:1    | Reached XP level 16. HP: 86/86 MP: 24/32
 32042 | Orc:1    | Found Oreosaar's Antique Weapon Boutique.
 32254 | Orc:2    | Entered Level 2 of the Orcish Mines
 33314 | Orc:2    | Found a staircase to the Elven Halls.
 33831 | Orc:2    | Found Gef Coyz's Food Shop.
 33831 | Orc:2    | Found Oxeroati's General Store.
 33833 | Orc:2    | Found Seanuh's Magic Scroll Emporium.
 33835 | Orc:2    | Found Qucvem's Book Boutique.
 34079 | Shoals:1 | Entered Level 1 of the Shoals
 34200 | Shoals:1 | Found Foraxykad's Fabulous Fripperies.
 34225 | Shoals:1 | Bought a manual of Fighting for 1435 gold pieces
 35232 | D:7      | Bought a dented amethyst amulet for 115 gold pieces
 35232 | D:7      | Bought a glass ring for 115 gold pieces
 35296 | D:5      | Bought a notched agate ring for 130 gold pieces
 36606 | Shoals:2 | Reached skill level 22 in Stealth
 36808 | Shoals:3 | Got a fine golden ring
 36809 | Shoals:3 | Identified the ring of Xaahioti {rF+ EV+3 Str+7 Dex+5} (You
                  | found it on level 3 of the Shoals)
 38309 | Shoals:4 | Entered Level 4 of the Shoals
 38360 | Shoals:4 | Reached XP level 17. HP: 82/93 MP: 35/35
 38573 | Shoals:4 | Upgraded the game from 0.24-a0-282-g1a68c911f0 to
                  | 0.24-a0-284-g9fb9971df1
 38596 | Shoals:4 | Learned a level 1 spell: Summon Butterflies
 38601 | Shoals:4 | Learned a level 4 spell: Summon Ice Beast
 39590 | Shoals:4 | Noticed Polyphemus
 40107 | Shoals:4 | HP: 3/94 [frost giant/+1 battleaxe of freezing (13)]
 40501 | Shoals:4 | Killed Polyphemus
 40841 | Shoals:4 | Identified the Guide on the Icy Arsonist
 40898 | Shoals:4 | Got a barnacled rune of Zot
 41199 | Orc:2    | Bought the amulet of the Four Gods {*Drain rElec rPois rF+
                  | Regen+} for 744 gold pieces
 41335 | Spider:1 | Entered Level 1 of the Spider Nest
 42688 | Spider:1 | Learned a level 4 spell: Cause Fear
 42865 | Spider:2 | Reached skill level 15 in Spellcasting
 43152 | Spider:2 | Reached skill level 23 in Stealth
 43845 | Spider:3 | Found a transporter.
 43854 | Spider:3 | Reached XP level 18. HP: 102/102 MP: 38/38
 44255 | Spider:3 | Found a transporter.
 45188 | Spider:3 | Reached skill level 15 in Fighting
 45653 | Spider:3 | Noticed Roxanne
 45668 | Spider:3 | Killed Roxanne
 46070 | Spider:3 | Got a scintillating copper ring
 46071 | Spider:3 | Identified the ring "Itzokk" {rC+ SInv} (You found it on
                  | level 3 of the Spider Nest)
 46090 | Spider:3 | Got a twitching brass ring
 46091 | Spider:3 | Identified the ring of Deyhiosk {rElec rN+++ Str+4 Dex+3
                  | Stlth-} (You found it on level 3 of the Spider Nest)
 46130 | Spider:4 | Entered Level 4 of the Spider Nest
 46283 | Spider:4 | Noticed Aizul
 46289 | Spider:4 | Killed Aizul
 46289 | Spider:4 | Reached skill level 1 in Summonings
 46443 | Spider:4 | Identified the cursed +0 robe of Gluttony {+Fly Str+2} (You
                  | found it on level 4 of the Spider Nest)
 46709 | Spider:4 | Noticed Arachne
 46774 | Spider:3 | Killed Arachne
 47592 | Spider:4 | Got a gossamer rune of Zot
 47799 | Vaults:1 | Entered Level 1 of the Vaults
 47815 | Vaults:1 | Found Fidecalu's Distillery.
 47936 | Vaults:1 | Reached skill level 1 in Ice Magic
 48757 | Vaults:1 | Reached XP level 19. HP: 108/108 MP: 26/39
 49295 | Vaults:1 | Reached skill level 24 in Stealth
 50623 | Vaults:1 | Reached skill level 5 in Summonings
 51004 | Vaults:2 | You fall through a shaft!
 51654 | Vaults:2 | Found a burning altar of Makhleb.
 52157 | Vaults:2 | Found a staircase to the Crypt.
 52231 | Vaults:2 | Found a runed translucent door.
 52231 | Vaults:2 | Noticed Azul's ghost (veteran MiFi)
 52607 | Vaults:3 | Noticed Jory
 52613 | Vaults:3 | Killed from afar by Jory

Levels and vault maps discovered:
D:1:      nicolae_arrival_memento_mori, layout_basic, minmay_misc_feat_hallway,
          chequers_avenue
D:2:      layout_basic, nicolae_overflow_hidden_temple, uniq_terence,
          uniq_jessica
D:3:      layout_loops_cross
D:4:      layout_cave_pools, lemuel_crystal_altar,
          nicolae_ru_great_annihilating_truth, uniq_eustachio
D:5:      layout_gridville, serial_shops, nicolae_shop_overgrown_old_shop,
          first_ration, uniq_menkaure, uniq_ijyb
D:6:      layout_loops_corners, minmay_temple_entry_proselytizer,
          vehumet_altar_wand_db, uniq_crazy_yiuf_cottage
D:7:      layout_loops_cross, serial_shops, shop
D:8:      layout_cave_pools, okawaru_gym_becter, uniq_joseph
D:9:      layout_stronghold, led_sif_book
D:10:     layout_basic, david_lair_shrubbed, hangedman_little_slice_of_home,
          uniq_fannar
D:11:     layout_irregular_city, zombieorc2_lemuel, uniq_josephine,
          uniq_nergalle, uniq_sonja
D:12:     layout_layer_cave, serial_shops, shop_coins, uniq_snorg, uniq_kirke,
          uniq_erolcha
D:13:     layout_cave_pools, serial_shops, nicolae_shop_behind_doors
D:14:     layout_irregular_city, david_vaults_4, tso_metal_star,
          minmay_misc_feat_diagonals
D:15:     hangedman_depths_entry_try_elsewhere_first, layout_basic,
          roderic_roman_lattice, serial_shops, bzr_entry_dummy
Temple:   dpeg_five_rooms_temple
Lair:1:   layout_loops_ring
Lair:2:   layout_roguey, minmay_lair_oklob_chamber
Lair:3:   layout_loops_ring, minmay_shoals_entry_centaurs,
          nicolae_spider_entry_orb_guardian, lemuel_fruit_fields
Lair:4:   layout_roguey, serial_bayou_ford_a, nicolae_quartered_pool_super,
          uniq_urug
Lair:5:   layout_long_grid, minmay_slime_entry_oklob_enclosed,
          gauntlet_entry_generic, lemuel_fruit_tree, grunt_megastairs_5
Lair:6:   minmay_lair_end_frog_pond, layout_regular_city
Shoals:1: layout_shoals, nicolae_alphabet_shops
Shoals:2: layout_shoals
Shoals:3: layout_shoals
Shoals:4: shoals_end_grunt_ice, layout_shoals, overgrown_statue, uniq_polyphemus
Spider:1: layout_spider_delve, minivault_29
Spider:2: layout_spider_delve
Spider:3: gammafunk_its_a_trap, special_room [special_room_bee], uniq_roxanne
Spider:4: guppyfry_spider_rune, uniq_arachne, uniq_aizul
Orc:1:    layout_caves, serial_shops, shop, shop, shop
Orc:2:    st_orc_rangers, layout_caves, nooodl_orcs_dogs
Vaults:1: ontoclasm_vaults_eye, ontoclasm_vaults_ring_large, vaults_room_pools,
          ontoclasm_vaults_chip, ontoclasm_vaults_shuriken,
          nicolae_vaults_rhombus_7, layout_vaults_quadrants, serial_shops,
          nicolae_shop_stone
Vaults:2: gammafunk_vaults_ghost_grave, v_misc_9,
          minmay_crypt_entry_simple_walls, vaults_room_grid, v_rooms_5,
          v_misc_33, ontoclasm_vaults_chip, grunt_vaults_bifocal,
          hangedman_vaults_capsules, dpeg_vaults_monster_row,
          nicolae_vaults_specimen_jars, nicolae_vaults_little_squares_5,
          v_misc_13, vaults_room_pool, ontoclasm_vaults_decontamination,
          nicolae_vaults_ring_of_whatevers, layout_vaults_ring, basic_altar
Vaults:3: grunt_vaults_twisty, nicolae_vaults_network_star,
          dpeg_vaults_monster_box, v_misc_19,
          nicolae_vaults_windows_and_doors_thing, nicolae_vaults_rhombus_7,
          hangedman_vaults_stitches, hangedman_vaults_nodes, layout_vaults_maze,
          serial_shops, shop_fountains, uniq_jory, uniq_mara, uniq_sojobo

Skill      XL: |  1  2  3  4  5  6  7  8  9 10 11 12 13 14 15 16 17 18 19 |
---------------+----------------------------------------------------------+-----
Stealth        | 5 6 7 8 10 11 12 15 20 21 22 23 24 | 24.3
Short Blades   | 2 3 4 5 6 8 10 | 10.0
Hexes          | 5 8 10 11 12 | 12.0
Spellcasting   | 3 4 5 7 11 13 15 | 15.9
Fighting       | 3 4 8 10 11 14 15 | 15.7
Dodging        | 9 10 12 15 16 17 18 19 20 | 20.0
Shields        | 3 5 7 |  7.2
Summonings     | 4 6 |  6.2
Ice Magic      | 2 4 |  4.0

Action                   |  1- 3 |  4- 6 |  7- 9 | 10-12 | 13-15 | 16-18 | 19-21 || total
-------------------------+-------+-------+-------+-------+-------+-------+-------++-------
Melee: Dagger            |   133 |   140 |   365 |   342 |  1175 |  2146 |   276 ||  4577
       Rapier            |       |       |    32 |       |       |   135 |       ||   167
Throw: Stone             |       |       |     1 |       |     5 |     4 |       ||    10
 Cast: Corona            |     3 |       |       |       |       |       |       ||     3
       Ensorcelled Hiber |     9 |    29 |    70 |    75 |   335 |   194 |    63 ||   775
       Confuse           |       |    10 |    30 |    23 |    75 |    71 |    31 ||   240
       Tukima's Dance    |       |       |     5 |     1 |     6 |       |       ||    12
       Dazzling Spray    |       |       |       |       |    53 |     8 |       ||    61
       Shroud of Golubri |       |       |       |       |     6 |    35 |     4 ||    45
       Spectral Weapon   |       |       |       |       |       |    73 |     3 ||    76
       Summon Mana Viper |       |       |       |       |       |    48 |     8 ||    56
       Invisibility      |       |       |       |       |       |    10 |     1 ||    11
Invok: Potion Petition   |       |       |       |       |     1 |       |       ||     1
       Call Merchant     |       |       |       |       |       |     3 |       ||     3
Evoke: Wand              |       |       |       |       |       |     6 |       ||     6
  Use: Scroll            |     4 |     9 |     8 |     8 |    14 |    12 |     1 ||    56
       Potion            |       |       |       |     1 |     2 |     3 |     2 ||     8
 Stab: Sleeping          |    12 |    37 |    51 |    49 |   197 |   209 |    56 ||   611
       Confused          |       |     4 |    14 |    10 |    36 |    33 |    20 ||   117
       Distracted        |       |       |     1 |     6 |    12 |    53 |     3 ||    75
       Invisible         |       |       |       |       |     9 |    42 |       ||    51
       Petrified         |       |       |       |       |     1 |       |       ||     1
       Held in net/web   |       |       |       |       |       |     1 |       ||     1
       Petrifying        |       |       |       |       |       |     1 |       ||     1
  Eat: Ration            |       |     3 |     6 |     4 |     9 |    15 |     2 ||    39
Armor: Robe              |    26 |    10 |    47 |    12 |    42 |       |       ||   137
       Troll leather arm |       |       |       |       |    17 |   132 |    10 ||   159
Dodge: Dodged            |   103 |    58 |   269 |   155 |   776 |  1898 |   181 ||  3440
Block: Buckler           |       |       |    23 |    76 |   404 |  1140 |    96 ||  1739
       Reflection        |       |       |       |       |       |    31 |       ||    31

Table legend:
 A = Non-vault XP
 B = Vault XP
 C = Vault XP percentage of total XP
 D = Non-vault monster count
 E = Vault monster count
 F = Vault count percentage of total count
                 A         B        C        D         E       F
            +---------+---------+-------+---------+---------+-------
      Total |  273574 |  144484 |  34.6 |     901 |     413 |  31.4
            +---------+---------+-------+---------+---------+-------
        D:1 |      20 |       0 |   0.0 |      12 |       0 |   0.0
        D:2 |      63 |      75 |  54.3 |      23 |       2 |   8.0
        D:3 |     316 |       0 |   0.0 |      36 |       0 |   0.0
        D:4 |     234 |     426 |  64.5 |      13 |       6 |  31.6
        D:5 |      54 |      36 |  40.0 |       2 |       1 |  33.3
        D:6 |     239 |      85 |  26.2 |      12 |       3 |  20.0
        D:7 |     747 |       0 |   0.0 |      29 |       0 |   0.0
        D:8 |    1500 |     471 |  23.9 |      22 |       1 |   4.3
        D:9 |    1570 |      75 |   4.6 |      42 |       2 |   4.5
       D:10 |    2455 |    1538 |  38.5 |      13 |      10 |  43.5
       D:11 |    8231 |    5810 |  41.4 |      41 |      43 |  51.2
       D:12 |    2769 |    2324 |  45.6 |      17 |       3 |  15.0
       D:13 |    4267 |       0 |   0.0 |      23 |       0 |   0.0
       D:14 |   13556 |    2419 |  15.1 |      32 |       3 |   8.6
       D:15 |   28176 |    3269 |  10.4 |      67 |       4 |   5.6
     Lair:1 |    4670 |       0 |   0.0 |      15 |       0 |   0.0
     Lair:2 |    7531 |    3083 |  29.0 |      37 |       9 |  19.6
     Lair:3 |    4820 |    1200 |  19.9 |      19 |       6 |  24.0
     Lair:4 |    6972 |     815 |  10.5 |      17 |       1 |   5.6
     Lair:5 |    2317 |    9804 |  80.9 |      10 |      34 |  77.3
     Lair:6 |    7513 |    6166 |  45.1 |      17 |      23 |  57.5
   Shoals:1 |   14936 |       0 |   0.0 |      33 |       0 |   0.0
   Shoals:2 |   12209 |       0 |   0.0 |      23 |       0 |   0.0
   Shoals:3 |   18002 |       0 |   0.0 |      37 |       0 |   0.0
   Shoals:4 |   18266 |   23117 |  55.9 |      38 |      36 |  48.6
   Spider:1 |   11003 |    7590 |  40.8 |      27 |      44 |  62.0
   Spider:2 |   21769 |     979 |   4.3 |      57 |      12 |  17.4
   Spider:3 |   20123 |   10411 |  34.1 |      53 |      23 |  30.3
   Spider:4 |    4378 |   22101 |  83.5 |      13 |      36 |  73.5
      Orc:1 |    3536 |       0 |   0.0 |      27 |       0 |   0.0
      Orc:2 |    3774 |    6389 |  62.9 |      26 |      51 |  66.2
   Vaults:1 |   38149 |    5425 |  12.5 |      56 |      13 |  18.8
   Vaults:2 |    8206 |   19991 |  70.9 |      11 |      37 |  77.1
   Vaults:3 |    1203 |    9252 |  88.5 |       1 |       8 |  88.9
   Gauntlet |       0 |    1633 | 100.0 |       0 |       2 | 100.0
            +---------+---------+-------+---------+---------+-------
